[ AOE2 MATCH · #505235541 ]
UnrankedPortuguese vs Goths
Rival team · LOSS
[ REPLAY ANALYSIS · EXTRACTED FROM THE RECORDED GAME ]
Feudal
9:11
Castle
18:16
Imperial
35:38
| APM avg | 46.0 |
| APM peak | 95 |
| eAPM avg | 27.1 |
| Villagers / military | 205 / 254 |
Focus
⚔️ 50.5% · 🌾 49.5%
Organ Gun ×118 · Knight ×90 · Scout Cavalry ×28 · Scorpion ×17 · Monk ×1
Feudal
11:31
Castle
18:49
Imperial
39:22
| APM avg | 72.9 |
| APM peak | 117 |
| eAPM avg | 37.9 |
| Villagers / military | 177 / 623 |
Focus
⚔️ 52.0% · 🌾 48.0%
Spearman ×406 · Huskarl ×181 · Archer ×16 · Skirmisher ×9 · Trebuchet (Packed) ×6 · Militia ×3
Match map
Initial resources + every placement click. Lines = walls · curves = elevation contours. ◆ gold · ⬟ stone · ● berries · ✦ relic · ◌ wall gap
Your base· ✓ Closed at 18:16 · 47t walls · no gate
Mawashigeri's base· ✓ Closed at 18:49 · 80t walls · no gate
Smoothed initial terrain · ◌ = detected wall gap · hover for details
Inputs per minute
— RaggedCone8628 - - Mawashigeri
Build order — RaggedCone8628
First 150 of 614 actions detected
| 0:00 | Queue | Villager (Male) |
| 0:01 | Queue | Villager (Male) |
| 0:02 | Build | House |
| 0:03 | Build | House |
| 0:07 | Queue | Villager (Male) |
| 0:11 | Queue | Villager (Male) |
| 1:26 | Queue | Villager (Male) |
| 1:46 | Build | Mill |
| 1:59 | Queue | Villager (Male) |
| 2:22 | Queue | Villager (Male) |
| 2:23 | Queue | Villager (Male) |
| 2:50 | Queue | Villager (Male) |
| 2:56 | Queue | Villager (Male) |
| 3:32 | Queue | Villager (Male) |
| 3:32 | Queue | Villager (Male) |
| 3:58 | Build | House |
| 4:01 | Queue | Villager (Male) |
| 4:22 | Queue | Villager (Male) |
| 4:41 | Queue | Villager (Male) |
| 5:04 | Queue | Villager (Male) |
| 5:10 | Queue | Villager (Male) |
| 5:32 | Queue | Villager (Male) |
| 5:35 | Queue | Villager (Male) |
| 5:47 | Build | Lumber Camp |
| 6:06 | Research | Loom |
| 6:24 | Research | Feudal Age |
| 7:30 | Build | House |
| 8:16 | Build | Barracks |
| 8:40 | Build | Palisade Wall |
| 8:41 | Build | Palisade Wall |
| 9:11 | Age | Feudal Age |
| 9:18 | Queue | Villager (Male) |
| 9:23 | Build | Stable |
| 9:29 | Queue | Villager (Male) |
| 9:54 | Research | Double-Bit Axe |
| 10:01 | Queue | Villager (Male) |
| 10:07 | Build | House |
| 10:10 | Queue | Villager (Male) |
| 10:12 | Queue | Scout Cavalry |
| 10:22 | Research | Horse Collar |
| 10:28 | Build | House |
| 10:35 | Queue | Villager (Male) |
| 11:04 | Queue | Villager (Male) |
| 11:06 | Build | Farm |
| 11:07 | Build | Farm |
| 11:13 | Queue | Villager (Male) |
| 11:31 | Build | Farm |
| 11:33 | Build | Farm |
| 11:43 | Build | Palisade Wall |
| 11:45 | Build | Palisade Wall |
| 11:48 | Build | Palisade Wall |
| 11:50 | Queue | Villager (Male) |
| 12:04 | Build | Palisade Wall |
| 12:14 | Build | Palisade Wall |
| 12:16 | Build | Palisade Wall |
| 12:21 | Queue | Villager (Male) |
| 12:32 | Build | Farm |
| 12:34 | Build | Farm |
| 12:52 | Build | House |
| 13:01 | Build | Farm |
| 13:06 | Queue | Villager (Male) |
| 13:06 | Queue | Villager (Male) |
| 13:07 | Queue | Villager (Male) |
| 13:07 | Queue | Villager (Male) |
| 13:07 | Queue | Villager (Male) |
| 13:07 | Queue | Villager (Male) |
| 13:20 | Build | Mining Camp |
| 13:51 | Build | Blacksmith |
| 14:03 | Build | Farm |
| 14:08 | Build | Farm |
| 14:25 | Build | Farm |
| 15:00 | Build | Farm |
| 15:02 | Build | Farm |
| 15:25 | Build | Lumber Camp |
| 15:31 | Research | Castle Age |
| 15:47 | Build | Farm |
| 15:56 | Research | Gold Mining |
| 16:19 | Build | House |
| 16:24 | Build | Farm |
| 16:57 | Research | Bloodlines |
| 17:25 | Build | House |
| 18:10 | Queue | Villager (Male) |
| 18:16 | Age | Castle Age |
| 18:21 | Build | Town Center |
| 18:29 | Build | Town Center |
| 18:33 | Research | Bow Saw |
| 18:34 | Queue | Villager (Male) |
| 18:48 | Queue | Knight |
| 19:08 | Queue | Villager (Male) |
| 19:11 | Research | Heavy Plow |
| 19:24 | Build | Palisade Wall |
| 19:42 | Build | House |
| 19:45 | Build | House |
| 19:49 | Queue | Villager (Male) |
| 19:56 | Build | House |
| 20:00 | Build | House |
| 20:01 | Build | House |
| 20:01 | Queue | Villager (Male) |
| 20:06 | Build | House |
| 20:08 | Build | House |
| 20:09 | Build | House |
| 20:10 | Build | House |
| 20:10 | Queue | Villager (Male) |
| 20:14 | Queue | Villager (Male) |
| 20:26 | Queue | Villager (Male) |
| 20:27 | Queue | Villager (Male) |
| 20:27 | Queue | Villager (Male) |
| 20:41 | Build | Siege Workshop |
| 20:52 | Queue | Villager (Male) |
| 20:52 | Queue | Villager (Male) |
| 20:53 | Queue | Villager (Male) |
| 20:53 | Queue | Villager (Male) |
| 20:57 | Build | House |
| 21:03 | Queue | Scorpion |
| 21:06 | Queue | Villager (Male) |
| 21:09 | Queue | Villager (Male) |
| 21:23 | Queue | Villager (Male) |
| 21:28 | Queue | Villager (Male) |
| 21:32 | Queue | Scorpion |
| 21:38 | Queue | Knight |
| 21:46 | Queue | Villager (Male) |
| 21:49 | Build | Farm |
| 22:06 | Queue | Villager (Male) |
| 22:11 | Build | Farm |
| 22:13 | Build | Farm |
| 22:15 | Build | House |
| 22:15 | Queue | Villager (Male) |
| 22:17 | Queue | Scorpion |
| 22:23 | Queue | Villager (Male) |
| 22:26 | Build | University |
| 22:31 | Build | Farm |
| 22:32 | Queue | Villager (Male) |
| 22:32 | Queue | Villager (Male) |
| 22:42 | Build | Farm |
| 22:43 | Queue | Villager (Male) |
| 22:44 | Queue | Villager (Male) |
| 22:52 | Queue | Villager (Male) |
| 23:00 | Build | House |
| 23:02 | Build | House |
| 23:03 | Queue | Villager (Male) |
| 23:08 | Queue | Villager (Male) |
| 23:17 | Build | Lumber Camp |
| 23:18 | Queue | Villager (Male) |
| 23:43 | Queue | Villager (Male) |
| 23:45 | Research | Ballistics |
| 23:46 | Research | Ballistics |
| 23:51 | Queue | Villager (Male) |
| 23:55 | Queue | Scorpion |
| 23:59 | Queue | Villager (Male) |
| 24:09 | Queue | Villager (Male) |
Build order — Mawashigeri
First 150 of 1043 actions detected
| 0:00 | Queue | Villager (Male) |
| 0:01 | Build | House |
| 0:02 | Build | House |
| 0:02 | Queue | Villager (Male) |
| 0:05 | Queue | Villager (Male) |
| 0:06 | Queue | Villager (Male) |
| 0:06 | Queue | Villager (Male) |
| 0:07 | Research | Loom |
| 1:29 | Queue | Villager (Male) |
| 1:47 | Build | Lumber Camp |
| 1:50 | Queue | Villager (Male) |
| 2:29 | Queue | Villager (Male) |
| 2:53 | Queue | Villager (Male) |
| 3:21 | Queue | Villager (Male) |
| 3:44 | Queue | Villager (Male) |
| 3:49 | Build | House |
| 4:13 | Queue | Villager (Male) |
| 4:13 | Queue | Villager (Male) |
| 4:13 | Queue | Villager (Male) |
| 4:38 | Build | Barracks |
| 4:53 | Queue | Villager (Male) |
| 5:12 | Build | House |
| 5:24 | Queue | Villager (Male) |
| 5:30 | Queue | Militia |
| 5:42 | Queue | Militia |
| 5:43 | Queue | Villager (Male) |
| 6:01 | Queue | Villager (Male) |
| 6:02 | Queue | Militia |
| 6:03 | Build | House |
| 6:15 | Build | Palisade Wall |
| 6:43 | Build | Palisade Wall |
| 6:47 | Build | Palisade Wall |
| 6:51 | Queue | Villager (Male) |
| 6:51 | Queue | Villager (Male) |
| 6:55 | Build | Mill |
| 7:31 | Queue | Villager (Male) |
| 7:50 | Build | Palisade Wall |
| 7:51 | Build | Palisade Wall |
| 7:53 | Build | Palisade Wall |
| 8:00 | Queue | Villager (Male) |
| 8:12 | Build | Palisade Wall |
| 8:18 | Build | Mining Camp |
| 8:31 | Queue | Villager (Male) |
| 8:37 | Build | Palisade Wall |
| 8:39 | Build | Palisade Wall |
| 8:47 | Queue | Villager (Male) |
| 9:16 | Queue | Villager (Male) |
| 9:20 | Research | Feudal Age |
| 9:42 | Queue | Villager (Male) |
| 9:52 | Build | Palisade Wall |
| 9:53 | Build | Palisade Wall |
| 10:03 | Build | Palisade Wall |
| 10:08 | Build | Palisade Wall |
| 10:53 | Build | Palisade Wall |
| 11:31 | Age | Feudal Age |
| 11:33 | Build | Archery Range |
| 11:35 | Research | Double-Bit Axe |
| 11:46 | Queue | Villager (Male) |
| 11:47 | Queue | Spearman |
| 11:52 | Queue | Villager (Male) |
| 12:00 | Build | Palisade Wall |
| 12:01 | Build | Palisade Wall |
| 12:02 | Build | Palisade Wall |
| 12:04 | Build | Palisade Wall |
| 12:06 | Build | Palisade Wall |
| 12:08 | Build | Palisade Wall |
| 12:10 | Build | House |
| 12:12 | Queue | Villager (Male) |
| 12:21 | Queue | Archer |
| 12:32 | Build | House |
| 12:53 | Research | Horse Collar |
| 12:56 | Queue | Archer |
| 13:01 | Build | Farm |
| 13:02 | Build | Farm |
| 13:10 | Build | Farm |
| 13:13 | Build | Farm |
| 13:17 | Build | Farm |
| 13:28 | Queue | Villager (Male) |
| 13:31 | Queue | Archer |
| 13:34 | Build | Farm |
| 13:36 | Build | Farm |
| 13:38 | Queue | Villager (Male) |
| 13:56 | Build | House |
| 14:02 | Build | Farm |
| 14:11 | Queue | Archer |
| 14:12 | Queue | Villager (Male) |
| 14:23 | Build | House |
| 14:28 | Build | Farm |
| 14:37 | Queue | Villager (Male) |
| 14:53 | Build | Blacksmith |
| 14:59 | Queue | Archer |
| 15:08 | Queue | Villager (Male) |
| 15:34 | Queue | Villager (Male) |
| 15:37 | Queue | Archer |
| 15:38 | Build | House |
| 16:09 | Research | Castle Age |
| 16:09 | Research | Castle Age |
| 16:13 | Build | House |
| 16:22 | Build | Farm |
| 16:24 | Build | Farm |
| 16:29 | Queue | Archer |
| 16:37 | Build | Farm |
| 17:00 | Build | Farm |
| 17:00 | Queue | Archer |
| 17:32 | Research | Fletching |
| 17:37 | Queue | Archer |
| 17:53 | Queue | Villager (Male) |
| 18:15 | Queue | Archer |
| 18:49 | Age | Castle Age |
| 18:50 | Research | Crossbowman (upgrade) |
| 18:51 | Research | Bodkin Arrow |
| 18:54 | Build | Town Center |
| 19:04 | Build | University |
| 19:06 | Queue | Villager (Male) |
| 19:11 | Build | Palisade Wall |
| 19:13 | Queue | Villager (Male) |
| 19:40 | Queue | Villager (Male) |
| 19:57 | Queue | Archer |
| 20:15 | Research | Ballistics |
| 20:15 | Research | Ballistics |
| 20:16 | Build | House |
| 20:22 | Queue | Archer |
| 20:27 | Queue | Villager (Male) |
| 20:48 | Queue | Villager (Male) |
| 20:54 | Queue | Archer |
| 20:58 | Queue | Villager (Male) |
| 21:03 | Build | Town Center |
| 21:11 | Queue | Archer |
| 21:18 | Build | Palisade Gate |
| 21:22 | Queue | Villager (Male) |
| 21:27 | Queue | Villager (Male) |
| 21:36 | Queue | Villager (Male) |
| 21:37 | Queue | Archer |
| 21:38 | Queue | Villager (Male) |
| 22:00 | Queue | Villager (Male) |
| 22:00 | Queue | Villager (Male) |
| 22:17 | Queue | Villager (Male) |
| 22:18 | Build | Farm |
| 22:23 | Research | Bow Saw |
| 22:30 | Build | House |
| 22:37 | Queue | Villager (Male) |
| 22:50 | Queue | Villager (Male) |
| 22:52 | Build | Stable |
| 22:58 | Build | Farm |
| 22:59 | Queue | Villager (Male) |
| 22:59 | Queue | Villager (Male) |
| 23:04 | Queue | Villager (Male) |
| 23:07 | Build | Farm |
| 23:15 | Queue | Villager (Male) |
| 23:40 | Queue | Villager (Male) |
Match timeline
| 4:38 | Mawashigeri · first_building Barracks |
| 6:15 | Mawashigeri · wall_segment Palisade Wall x4 |
| 6:43 | Mawashigeri · wall_segment Palisade Wall x7 |
| 6:47 | Mawashigeri · wall_segment Palisade Wall x5 |
| 7:50 | Mawashigeri · wall_segment Palisade Wall x1 |
| 7:51 | Mawashigeri · wall_segment Palisade Wall x1 |
| 7:53 | Mawashigeri · wall_segment Palisade Wall x9 |
| 8:12 | Mawashigeri · wall_segment Palisade Wall x5 |
| 8:16 | RaggedCone8628 · first_building Barracks |
| 8:37 | Mawashigeri · wall_segment Palisade Wall x5 |
| 8:39 | Mawashigeri · wall_segment Palisade Wall x8 |
| 8:40 | RaggedCone8628 · wall_segment Palisade Wall x1 |
| 8:41 | RaggedCone8628 · wall_segment Palisade Wall x3 |
| 9:11 | RaggedCone8628 · age_up feudal |
| 9:23 | RaggedCone8628 · first_building Stable |
| 9:52 | Mawashigeri · wall_segment Palisade Wall x3 |
| 9:53 | Mawashigeri · wall_segment Palisade Wall x1 |
| 10:03 | Mawashigeri · wall_segment Palisade Wall x15 |
| 10:08 | Mawashigeri · wall_segment Palisade Wall x9 |
| 10:53 | Mawashigeri · wall_segment Palisade Wall x1 |
| 11:31 | Mawashigeri · age_up feudal |
| 11:33 | Mawashigeri · first_building Archery Range |
| 11:43 | RaggedCone8628 · wall_segment Palisade Wall x3 |
| 11:45 | RaggedCone8628 · wall_segment Palisade Wall x8 |
| 11:48 | RaggedCone8628 · wall_segment Palisade Wall x6 |
| 12:00 | Mawashigeri · wall_segment Palisade Wall x1 |
| 12:01 | Mawashigeri · wall_segment Palisade Wall x1 |
| 12:02 | Mawashigeri · wall_segment Palisade Wall x1 |
| 12:04 | RaggedCone8628 · wall_segment Palisade Wall x13 |
| 12:04 | Mawashigeri · wall_segment Palisade Wall x1 |
| 12:06 | Mawashigeri · wall_segment Palisade Wall x1 |
| 12:08 | Mawashigeri · wall_segment Palisade Wall x1 |
| 12:14 | RaggedCone8628 · wall_segment Palisade Wall x1 |
| 12:16 | RaggedCone8628 · wall_segment Palisade Wall x12 |
| 18:16 | RaggedCone8628 · age_up castle |
| 18:49 | Mawashigeri · age_up castle |
| 19:11 | Mawashigeri · wall_segment Palisade Wall x1 |
| 19:24 | RaggedCone8628 · wall_segment Palisade Wall x1 |
| 20:41 | RaggedCone8628 · first_building Siege Workshop |
| 22:52 | Mawashigeri · first_building Stable |
| 24:38 | Mawashigeri · first_building Castle |
| 25:19 | RaggedCone8628 · first_building Monastery |
| 32:23 | RaggedCone8628 · first_market_sell 100 wood |
| 32:26 | RaggedCone8628 · first_market_buy 100 food |
| 35:25 | RaggedCone8628 · first_building Castle |
| 35:38 | RaggedCone8628 · age_up imperial |
| 35:59 | RaggedCone8628 · wall_segment Palisade Wall x1 |
| 38:07 | Mawashigeri · first_market_buy 100 wood |
| 39:22 | Mawashigeri · age_up imperial |
| 40:16 | Mawashigeri · first_market_sell 100 food |
| 53:02 | Mawashigeri · resign |
[ AI ANALYSIS · 1 CREDIT ]
What really happened in this match?
Wolo.gg analyzes every decision: build order, eco, micro, common mistakes by bracket. Personalized analysis on WhatsApp or Discord in 30 seconds.
Civ guide
Portuguese
Perfil
Jugador #23079294